 Dungeon Crawl Stone Soup version 0.32-a0-673-g3729bd50f8 (webtiles) character file.

Game seed: 3322648605068334694

3196 funkygono the Thaumaturge (level 9, -2/46 HPs)
             Began as a Deep Elf Fire Elementalist on Mar 10, 2024.
             Was a Follower of Sif Muna.
             Slain by an orc warrior
             ... wielding a +0 trident
              (5 damage)
             ... in a bailey.
             The game lasted 00:16:26 (6990 turns).

funkygono the Thaumaturge (DEFE)                    Turns: 6990, Time: 00:16:27

Health: -2/46      AC: 10    Str:  4    XL:     9   Next: 64%
Magic:  15/27      EV: 13    Int: 30    God:    Sif Muna [*.....]
Gold:   392        SH:  0    Dex: 16    Spells: 21/32 levels left

rFire   . . .        C - staff of death
rCold   + . .        (no shield)
rNeg    + + .        n - +2 robe {Will+}
rPois   +            u - +2 helmet
rElec   .            d - +2 ratskin cloak {*Rats rPois rN+ Str-1 Int-1 Dex+1}
rCorr   .            (no gloves)
SInv    .            (no boots)
Will    +....        (no amulet)
Stlth   +++          r - +6 ring of intelligence
HPRegen 0.27/turn    z - ring of protection from cold
MPRegen 0.20/turn

%: no passive effects
@: no status effects
A: no striking features
a: Renounce Religion, Channel Magic


You were in a bailey.
You worshipped Sif Muna.
Sif Muna was aware of your devotion.
You visited 2 branches of the dungeon, and saw 8 of its levels.
You also visited: Bailey.

You collected 418 gold pieces.
You spent 26 gold pieces at shops.

Inventory:

Hand Weapons
 p - a +0 heavy short sword
Missiles
 y - a throwing net
Armour
 b - the +0 ring mail of Ikhlithuets {Int+4}
   (You found it on level 2 of the Dungeon)

   Int+4:     It affects your intelligence (+4).
 d - the +2 ratskin cloak (worn) {*Rats rPois rN+ Str-1 Int-1 Dex+1}
   (You found it on level 3 of the Dungeon)

   *Rats:     When the wearer is hurt, rats may emerge from it to assist them.
   Str-1:     It affects your strength (-1).
   Int-1:     It affects your intelligence (-1).
   Dex+1:     It affects your dexterity (+1).
   rPois:     It protects you from poison.
   rN+:       It protects you from negative energy.
 n - a +2 robe of willpower (worn)
 u - a +2 helmet (worn)
Magical Staves
 C - a staff of death (weapon)
Jewellery
 h - a ring of poison resistance
 r - a +6 ring of intelligence (left hand)
 t - a ring of positive energy
 z - a ring of protection from cold (right hand)
Wands
 w - a wand of charming (12)
 x - a wand of polymorph (8)
 D - a wand of warping (15)
Scrolls
 f - 2 scrolls of teleportation
 q - a scroll of revelation
 s - a scroll of blinking
 v - a scroll of immolation
Potions
 a - a potion of attraction
 c - 3 potions of lignification
 e - 4 potions of might
 g - 7 potions of curing
 i - 4 potions of mutation
 j - a potion of ambrosia
 k - 4 potions of brilliance {unknown}
 l - 3 potions of enlightenment
 m - 9 potions of heal wounds
 o - a potion of berserk rage {unknown}
 A - a potion of degeneration {unknown}
 B - a potion of resistance {unknown}
 E - a potion of magic
 F - 2 potions of haste {unknown}
 G - 2 potions of invisibility {unknown}
 H - a potion of experience


   Skills:
 + Level 0.5 Fighting
 + Level 0.3 Short Blades
 + Level 3.7 Dodging
 + Level 4.2 Stealth
 + Level 0.1 Unarmed Combat
 + Level 12.0 Spellcasting
 + Level 5.3 Conjurations
 + Level 3.6 Necromancy
 + Level 8.8 Fire Magic


You had 21 spell levels left.
You knew the following spells:

 Your Spells              Type           Power      Damage    Failure   Level
a - Foxfire               Conj/Fire      100%       2x1d9     1%          1
b - Scorch                Fire           100%       2d9       1%          2
c - Volatile Blastmotes   Fire/Tloc      88%        2d17      1%          3
d - Flame Wave            Conj/Fire      57%        2d14      1%          4
e - Necrotise             Necr           100%       1d9       1%          1

Your spell library contained the following spells:

 Spells                   Type           Power      Damage    Failure   Level
 Inner Flame              Hex/Fire       44%        N/A       1%          3
 Vampiric Draining        Necr           56%        2d10      1%          3
 Freeze                   Ice            72%        1d8       2%          1
 Hailstorm                Conj/Ice       34%        3d8       2%          3
 Frozen Ramparts          Ice            36%        1d6       9%          3
 Fulminant Prism          Conj/Alch      17%        3d10      10%         4
 Iskenderun's Mystic Bla  Conj/Tloc      34%        2d8       10%         4
 Martyr's Knell           Necr/Summ      43%        N/A       14%         4
 Curse of Agony           Necr           56%        N/A       19%         5
 Passage of Golubria      Tloc           18%        N/A       28%         4
 Silence                  Hex/Air        9%         N/A       61%         5
 Lehudib's Crystal Spear  Conj/Erth      17%        10d5      100%        8


Dungeon Overview and Level Annotations

Branches:
Dungeon (7/15)             Temple (1/1) D:5          Bailey (1/1)

Altars:
Ashenzari
Cheibriados
Dithmenos
Fedhas
Gozag
Hepliaklqana
Makhleb
Nemelex Xobeh
Qazlal
Ru
Sif Muna
Trog
Uskayaw
Wu Jian
Xom
Yredelemnul
Zin
The Shining One

Shops:
D:1 ?


Message History

The orc knight is lightly wounded.
The foxfire hits the orc knight but does no damage.
The orc knight is lightly wounded.
Casting: Foxfire (safe; 1% risk of failure)
Confirm with . or Enter, or press ? or * to list all spells.
You conjure some foxfire!
Casting: Foxfire (safe; 1% risk of failure)
Confirm with . or Enter, or press ? or * to list all spells.
Flames lash the orc knight.
The orc knight is moderately wounded.
The orc knight's fire resistance burns away.
The foxfire hits the orc knight but does no damage.
The orc knight is moderately wounded.
The foxfire hits the orc knight but does no damage.
The orc knight is moderately wounded.
The orc knight attacks as it pursues you!
The orc knight barely misses you.
The orc warrior attacks as it pursues you!
The orc warrior hits you from afar with a +0 trident.
Casting: Scorch (safe; 1% risk of failure)
Confirm with . or Enter, or press ? or * to list all spells.
You conjure some foxfire!
The orc warrior hits you from afar with a +0 trident!
The orc knight hits you from afar with a +0 trident!!
Casting: Foxfire (safe; 1% risk of failure)
Confirm with . or Enter, or press ? or * to list all spells.
Flames lash the orc knight.
The orc knight is burned terribly!
The orc knight is heavily wounded.
The foxfire hits the orc knight.
The orc knight is burned terribly!
The orc knight is heavily wounded.
The foxfire hits the orc knight but does no damage.
The orc knight is heavily wounded.
The orc knight hits you from afar with a +0 trident!
* * * LOW HITPOINT WARNING * * *
A river rat scurries out from under your cloak.
The orc warrior closely misses you.
The orc knight hits you with a +0 trident.
* * * LOW HITPOINT WARNING * * *
The orc warrior hits you with a +0 trident.
You die...

#...#
###'###
##.....##
#.......#
#..#ß#..#
#..#.#..#
#..§§...#
#..r§...#
##.@...##
##oo'##
#.....#
#.....#
#.....#
#.....#
#.....#
##)''##
#....)#


You could see an orc knight (combustible, ally target), an orc warrior (strong)
and a friendly river rat.

Vanquished Creatures
  A hornet (D:4)
  Grinder (D:5)
  Sigmund (D:2)
  4 orc warriors (Bailey)
  3 ice beasts
  A black bear (D:5)
  2 ogres (D:6)
  2 centaurs
  2 phantoms
  Blork the orc (D:4)
  A bullfrog (D:5)
  2 scorpions (D:5)
  3 wights (D:7)
  3 killer bees (D:7)
  A howler monkey (D:7)
  An orc priest (D:4)
  5 hounds
  3 jellies
  Jessica (D:3)
  A sleepcap (D:6)
  Natasha (thrice) (D:2)
  3 iguanas
  An orc wizard (D:6)
  7 gnolls
  12 adders
  A shadow imp (D:4)
  A dart slug (D:2)
  3 ribbon worms
  33 orcs
  7 ball pythons
  8 endoplasms
  5 giant cockroaches
  10 goblins
  6 hobgoblins
  3 jackals (D:1)
  A quokka (D:1)
  3 bats
  7 frilled lizards
  9 kobolds
  4 rats
166 creatures vanquished.

Vanquished Creatures (collateral kills)
  A howler monkey (D:4)
  3 foxfires (D:5)
4 creatures vanquished.

Vanquished Creatures (others)
  492 foxfires
492 creatures vanquished.

Grand Total: 662 creatures vanquished

Notes
Turn   | Place    | Note
-------+----------+-------------------------------------------
     0 | D:1      | funkygono the Deep Elf Fire Elementalist began the quest
                  | for the Orb.
     0 | D:1      | Reached XP level 1. HP: 10/10 MP: 6/6
   139 | D:1      | Reached XP level 2. HP: 15/15 MP: 5/8
   142 | D:1      | Learned a level 2 spell: Scorch
   794 | D:1      | Found Jydiug's Magic Scroll Boutique.
   797 | D:1      | Bought a scroll of identify for 26 gold pieces
   839 | D:2      | Noticed Natasha
   845 | D:2      | Killed Natasha
   846 | D:2      | Reached skill level 4 in Spellcasting
   846 | D:2      | Reached XP level 3. HP: 19/19 MP: 2/10
  1012 | D:2      | Noticed Natasha
  1017 | D:2      | Killed Natasha
  1018 | D:2      | Reached XP level 4. HP: 24/24 MP: 7/12
  1315 | D:2      | Noticed Natasha
  1320 | D:2      | Killed Natasha
  1362 | D:2      | Identified the +0 ring mail of Ikhlithuets {Int+4}
  1367 | D:2      | Noticed Sigmund
  1433 | D:2      | Killed Sigmund
  1434 | D:2      | Reached skill level 6 in Spellcasting
  1434 | D:2      | Reached XP level 5. HP: 16/28 MP: 0/15
  1434 | D:2      | Reached XP level 6. HP: 19/32 MP: 0/17
  1892 | D:2      | Learned a level 3 spell: Volatile Blastmotes
  1897 | D:2      | Learned a level 4 spell: Flame Wave
  1967 | D:3      | You fall into a shaft and drop 3 floors!
  2113 | D:6      | Found a bloodstained altar of Trog.
  2261 | D:6      | Reached skill level 5 in Fire Magic
  2349 | D:5      | Entered Level 5 of the Dungeon
  2414 | D:5      | Reached skill level 7 in Spellcasting
  2414 | D:5      | Reached XP level 7. HP: 36/36 MP: 7/19
  2731 | D:3      | Noticed Jessica
  2733 | D:3      | Killed Jessica
  3203 | D:3      | Found the +2 ratskin cloak {*Rats rPois rN+ Str-1 Int-1
                  | Dex+1}
  3420 | D:3      | Learned a level 1 spell: Necrotise
  3564 | D:4      | Noticed a hornet
  3569 | D:4      | Noticed Blork the orc
  3572 | D:4      | Killed a hornet
  3573 | D:4      | Reached skill level 8 in Spellcasting
  3578 | D:4      | Killed Blork the orc
  3781 | D:4      | Reached XP level 8. HP: 30/41 MP: 16/22
  4518 | D:5      | Found a shimmering altar of Xom.
  4518 | D:5      | Found a shimmering altar of Xom.
  4701 | D:5      | Reached skill level 1 in Necromancy
  4755 | D:5      | Reached skill level 9 in Spellcasting
  4815 | D:5      | Found a staircase to the Ecumenical Temple.
  4824 | Temple   | Entered the Ecumenical Temple
  4836 | Temple   | Became a worshipper of Sif Muna the Loreminder
  5039 | D:5      | Noticed Grinder
  5039 | D:5      | Paralysed by Grinder for 4 turns
  5050 | D:5      | Killed Grinder
  5051 | D:5      | Reached skill level 10 in Spellcasting
  5535 | D:6      | Reached XP level 9. HP: 44/45 MP: 20/25
  6072 | D:6      | Reached skill level 11 in Spellcasting
  6458 | D:7      | Found a flagged portal.
  6492 | D:7      | Reached * piety under Sif Muna
  6493 | D:7      | Reached skill level 5 in Conjurations
  6587 | Bailey   | Entered a bailey
  6895 | Bailey   | Reached skill level 12 in Spellcasting
  6973 | Bailey   | Noticed an orc knight
  6990 | Bailey   | Slain by an orc warrior

Illustrated notes

Levels and vault maps discovered:
D:1:      spicycebolla_arrival_clurvy, layout_basic, serial_shops,
          nicolae_shop_rolled_up
D:2:      layout_basic, minmay_box_of_dots, uniq_natasha, uniq_sigmund
D:3:      minmay_inner_zag, layout_basic, uniq_jessica
D:4:      layout_gridville, grunt_ministairs_6, uniq_blork_the_orc
D:5:      layout_rooms, xom_redecorated, minmay_temple_entry_slanted,
          kennysheep_boxes, uniq_grinder
D:6:      layout_layer_cave, mainiacjoe_overflow_alcove_4
D:7:      layout_cave_pools, mainiacjoe_overflow_paths, serial_column_ruins,
          column_ruins_square_large, column_ruins_grid_1, column_ruins_grid_4,
          column_ruins_columns_straight, column_ruins_open_small, enter_bailey_5
Temple:   nicolae_temple_superstar
Bailey:   bailey_polearm_5, bailey

Skill      XL: |  1  2  3  4  5  6  7  8  9 |
---------------+----------------------------+-----
Spellcasting   | 4 6 7 8 10 12 | 12.0
Fire Magic     | 4 5 6 7 8 |  8.8
Conjurations   | 2 3 4 5 |  5.3
Stealth        | 3 4 |  4.2
Dodging        | 3 |  3.7
Necromancy     | 3 |  3.6
Fighting       | |  0.5
Short Blades   | |  0.3
Unarmed Combat | |  0.1

Action                     |  1- 3 |  4- 6 |  7- 9 || total
---------------------------+-------+-------+-------++-------
  Melee: Unarmed           |     1 |     6 |       ||     7
         Short sword       |       |     1 |     6 ||     7
         Staff             |       |       |     9 ||     9
   Cast: Foxfire           |    41 |    58 |   184 ||   283
         Scorch            |     6 |    12 |    43 ||    61
         Necrotise         |       |       |    50 ||    50
         Flame Wave        |       |       |     4 ||     4
    Use: Scroll            |       |     4 |    13 ||    17
         Potion            |       |     1 |       ||     1
 Armour: Robe              |     5 |    14 |    45 ||    64
  Dodge: Dodged            |     7 |     7 |    47 ||    61

Table legend: (Time is in decaauts)
 A = Elapsed time spent in this place.
 B = Non-inter-level travel time spent in this place.
 C = Inter-level travel time spent in this place.
 D = Time resting spent in this place.
 E = Time spent auto-exploring this place.
 F = Levels seen in this place.
 G = Mean time per level.
                   A        B        C        D        E       F      G
               +--------+--------+--------+--------+--------+-----+--------+
         Total |   6991 |   6751 |    240 |    417 |   5213 |   9 |  776.8 |
       Dungeon |   6564 |   6336 |    228 |    307 |   5022 |   7 |  937.7 |
        Temple |     24 |     12 |     12 |      0 |      0 |   1 |   24.0 |
        Bailey |    402 |    402 |      0 |    110 |    191 |   1 |  402.0 |
               +--------+--------+--------+--------+--------+-----+--------+

Top non-repeatable levels by time:
     D:6: 1358 daAuts
     D:4: 1219 daAuts
     D:2: 1093 daAuts
     D:5: 975 daAuts
     D:3: 900 daAuts
     D:1: 821 daAuts
  Bailey: 402 daAuts
     D:7: 196 daAuts
  Temple: 24 daAuts
